 Dungeon Crawl Stone Soup version 0.28-a0-1206-g193881aaa2 (webtiles) character file.

Game seed: 7248331084061175317

1169 mcbry74 the Cleaver (level 8, -11/64 HPs)
             Began as a Hill Orc Fighter on Dec 20, 2021.
             Mangled by Prince Ribbit (14 damage)
             ... on level 5 of the Dungeon.
             The game lasted 00:19:28 (6829 turns).

mcbry74 the Cleaver (Hill Orc Fighter)              Turns: 6829, Time: 00:19:29

Health: -11/64     AC:  4    Str: 21    XL:     8   Next: 40%
Magic:  8/8        EV:  8    Int:  8    God:
Gold:   41         SH:  8    Dex: 10    Spells: 7/7 levels left

rFire   . . .      SeeInvis .   a - +0 war axe
rCold   . . .      Faith    .   s - +0 kite shield
rNeg    . . .      Spirit   .   B - +1 leather armour {rPois}
rPois   +          Reflect  .   (no helmet)
rElec   .          Harm     .   (no cloak)
rCorr   .          Rampage  .   (no gloves)
Will    .....                   (no boots)
Stlth   +.........              (no amulet)
HPRegen 0.20/turn               I - ring of flight
MPRegen 0.11/turn               (no ring)

@: about to teleport, flying
A: no striking features
a: no special abilities


You were on level 5 of the Dungeon.
You visited 1 branch of the dungeon, and saw 6 of its levels.

You collected 223 gold pieces.
You spent 182 gold pieces at shops.

Inventory:

Hand Weapons
 a - a +0 war axe (weapon)
 h - a +2 dagger of venom
 p - a +0 flail
 r - a +0 trident
 y - a +2 mace of draining
Missiles
 n - 95 stones (quivered)
 o - 35 arrows
 v - a throwing net
Armour
 b - a +0 scale mail
 c - a +0 buckler
 s - a +0 kite shield (worn)
 B - a +1 leather armour of poison resistance (worn)
Jewellery
 e - a ring of fire
 D - an amulet of faith
 I - a ring of flight (left hand)
Wands
 g - a wand of flame (30)
 C - a wand of paralysis (7)
 H - a wand of polymorph (6)
Scrolls
 d - a scroll of amnesia {unknown}
 f - 2 scrolls of teleportation
 q - 2 scrolls of magic mapping
 t - 3 scrolls of immolation {unknown}
 u - 2 scrolls of silence {unknown}
 z - a scroll of vulnerability {unknown}
 A - a scroll of noise {unknown}
 F - a scroll of fear {unknown}
Potions
 i - 2 potions of curing {unknown}
 j - 2 potions of lignification {unknown}
 k - 2 potions of flight {unknown}
 m - a potion of mutation {unknown}
 w - a potion of haste {unknown}
 x - 4 potions of cancellation {unknown}
 E - a potion of attraction {unknown}
 G - a potion of might


   Skills:
 - Level 3.6 Fighting
 + Level 12.8 Axes
 - Level 3.2 Armour
 - Level 3.2 Shields


You had 7 spell levels left.
You didn't know any spells.
Your spell library contained the following spells:

 Spells                   Type           Power      Damage    Failure   Level
 Passwall                 Tmut/Erth      0%         N/A       98%         2
 Swiftness                Air            0%         N/A       100%        3


Dungeon Overview and Level Annotations

Branches:
Dungeon (6/15)
 Temple: D:4-7

Altars:
Elyvilon
Gozag
Sif Muna
Trog
Uskayaw
Vehumet

Shops:
D:3 ?

Annotations:
D:2 1 runed translucent door, Crazy Yiuf
D:5 Prince Ribbit


Message History

You block Prince Ribbit's attack.
Prince Ribbit blinks!
You block Prince Ribbit's attack. You block Prince Ribbit's attack.
You reach down and open the door.
Prince Ribbit barely misses you. Prince Ribbit completely misses you.
There is an open door here.
Prince Ribbit blinks!
Prince Ribbit hops awkwardly around.
Prince Ribbit croaks regally.
Prince Ribbit hits you but does no damage.
Prince Ribbit hits you!
* * * LOW HITPOINT WARNING * * *
There is an open door, spattered with blood here.
Prince Ribbit lets out a mournful croak.
Prince Ribbit hits you!
* * * LOW HITPOINT WARNING * * *
Prince Ribbit barely misses you.
There is a stone staircase leading up here.
Prince Ribbit barely misses you.
You fly upwards.
There is a stone staircase leading down here.
Prince Ribbit hops awkwardly around.
Prince Ribbit blinks!
You miss Prince Ribbit.
Prince Ribbit is moderately wounded.
You block Prince Ribbit's attack. Prince Ribbit barely misses you.
There is a stone staircase leading down here.
Okay, then.
Blink to where?
Press: ? - help, Dir - move target
As you read the scroll of blinking, it crumbles to dust.
Prince Ribbit says, "You're just another fly to me."
Prince Ribbit catches a mosquito with his tongue.
As you read the scroll of teleportation, it crumbles to dust.
You feel strangely unstable.
Prince Ribbit blinks!
Prince Ribbit catches a centipede with his tongue.
Prince Ribbit hits you!
You die...

#.# #.............
#.# #...........#+
#.###...........#.
#>..+..)..........
#.###..#'''#......
#.# #..#...#..####
###.###..#...#..####
#........#...#..)[..
#..@F..[.#...#..#<..
#........#..S#######
##########... # # #


You could see Prince Ribbit.

Vanquished Creatures
  A water moccasin (D:5)
  An orc warrior (D:4)
  A necrophage (D:5)
  An ogre (D:5)
  A phantom (D:4)
  Blork the orc (D:4)
  A scorpion (D:4)
  A water moccasin skeleton (D:4)
  A bullfrog zombie (D:5)
  A jelly (D:3)
  A hound (D:5)
  An orc priest (D:6)
  A centaur skeleton (D:5)
  3 iguanas (D:5)
  Ijyb (D:4)
  Terence (D:2)
  2 orc wizards (D:5)
  6 adders
  3 gnolls (D:2)
  2 adder skeletons (D:4)
  5 worms
  2 dart slugs
  19 orcs
  10 endoplasms
  A giant cockroach (D:1)
  9 hobgoblins
  6 jackals
  6 kobolds
  3 quokkas
  5 ball pythons
  5 bats
  4 frilled lizards
  11 goblins
  2 rats
119 creatures vanquished.

Notes
Turn   | Place    | Note
-------+----------+-------------------------------------------
     0 | D:1      | mcbry74 the Hill Orc Fighter began the quest for the Orb.
     0 | D:1      | Reached XP level 1. HP: 19/19 MP: 1/1
    90 | D:1      | Reached skill level 3 in Axes
   286 | D:1      | Reached XP level 2. HP: 21/26 MP: 2/2
   519 | D:1      | Reached skill level 4 in Axes
   909 | D:1      | Reached XP level 3. HP: 28/31 MP: 3/3
  1397 | D:2      | Reached skill level 5 in Axes
  1536 | D:2      | Found a faded altar of an unknown god.
  1614 | D:2      | Noticed Terence
  1616 | D:2      | Killed Terence
  1617 | D:2      | Reached XP level 4. HP: 24/39 MP: 4/4
  1928 | D:2      | Reached skill level 6 in Axes
  2231 | D:2      | Found a runed translucent door.
  2232 | D:2      | Noticed Crazy Yiuf
  2282 | D:2      | Reached XP level 5. HP: 40/45 MP: 5/5
  2666 | D:3      | Reached skill level 7 in Axes
  2758 | D:3      | Found Cyatat's Magic Scroll Shop.
  2766 | D:3      | Bought a scroll of identify for 28 gold pieces
  2971 | D:3      | Found a radiant altar of Vehumet.
  3261 | D:3      | Found an opulent altar of Gozag.
  3435 | D:3      | Found a shimmering blue altar of Sif Muna.
  3460 | D:4      | Noticed a +0 falchion
  3460 | D:4      | Noticed a +0 spear
  3461 | D:4      | Noticed a +0 spear
  3461 | D:4      | Noticed a +0 short sword
  3461 | D:4      | Noticed a +0 dagger
  3461 | D:4      | Noticed a +0 short sword
  3462 | D:4      | Noticed a +0 falchion
  3462 | D:4      | Noticed a +0 dagger
  3466 | D:4      | Found a hide-covered altar of Uskayaw.
  3745 | D:4      | Noticed an orc warrior
  3757 | D:4      | Killed an orc warrior
  3758 | D:4      | Reached skill level 8 in Axes
  3758 | D:4      | Reached XP level 6. HP: 24/51 MP: 6/6
  4073 | D:4      | Reached skill level 9 in Axes
  4258 | D:4      | Noticed Blork the orc
  4316 | D:4      | Noticed Ijyb
  4329 | D:4      | Killed Ijyb
  4335 | D:4      | Reached XP level 7. HP: 43/57 MP: 7/7
  4693 | D:4      | Reached skill level 10 in Axes
  4898 | D:4      | Killed Blork the orc
  5125 | D:5      | Entered Level 5 of the Dungeon
  5260 | D:5      | Reached skill level 11 in Axes
  5760 | D:5      | Reached skill level 12 in Axes
  5760 | D:5      | Reached XP level 8. HP: 31/64 MP: 8/8
  6054 | D:5      | Found a white marble altar of Elyvilon.
  6447 | D:3      | Bought a scroll of magic mapping for 49 gold pieces
  6447 | D:3      | Bought a scroll of blinking for 105 gold pieces
  6747 | D:6      | Found a bloodstained altar of Trog.
  6778 | D:6      | Noticed Prince Ribbit
  6817 | D:6      | HP: 1/64 [Prince Ribbit (7)]
  6829 | D:5      | Mangled by Prince Ribbit

Illustrated notes

Levels and vault maps discovered:
D:1:      dpeg_arrival_round_a, layout_basic
D:2:      layout_basic, hellmonk_ecumenical_altar_lost_god, nrook_mini_vaults,
          lemuel_another_geyser, uniq_terence, uniq_crazy_yiuf_cottage
D:3:      layout_loops_corners, nicolae_gozag_cash_rules_everything_around_me,
          vehumet_altar_wand_db, nicolae_sif_muna_little_library, serial_shops,
          shop
D:4:      kennysheep_big_flooded_room, layout_basic, nicolae_uskayaw_en_pointe,
          uniq_ijyb, uniq_blork_the_orc
D:5:      layout_basic, mainiacjoe_overflow_concentric_impassable,
          gammafunk_temple_overflow_wave, serial_corexii_hall,
          chequers_hall_statues_wall_a, chequers_hall_statues_y,
          kennysheep_cross_bottleneck
D:6:      layout_loops_corners, mainiacjoe_overflow_alcove_2,
          uniq_prince_ribbit1

Skill      XL: |  1  2  3  4  5  6  7 |
---------------+----------------------+-----
Axes           | 3 4 5 6 8 9 12 | 12.8
Fighting       | |  3.6
Armour         | |  3.2
Shields        | |  3.2

Action                   |  1- 3 |  4- 6 |  7- 9 || total
-------------------------+-------+-------+-------++-------
Melee: War axe           |    97 |   152 |   159 ||   408
Throw: Stone             |       |     2 |     2 ||     4
  Use: Scroll            |       |     3 |     3 ||     6
       Potion            |       |     1 |     2 ||     3
Armor: Scale mail        |    40 |    57 |    43 ||   140
       Leather armour    |       |       |     5 ||     5
Dodge: Dodged            |    44 |    49 |    42 ||   135
Block: Buckler           |    22 |     7 |       ||    29
       Kite shield       |       |    25 |    52 ||    77

Table legend: (Time is in decaauts)
 A = Elapsed time spent in this place.
 B = Non-inter-level travel time spent in this place.
 C = Inter-level travel time spent in this place.
 D = Time resting spent in this place.
 E = Time spent auto-exploring this place.
 F = Levels seen in this place.
 G = Mean time per level.
                   A        B        C        D        E       F      G
               +--------+--------+--------+--------+--------+-----+--------+
         Total |   6937 |   6720 |    217 |   2774 |   2542 |   6 | 1156.2 |
       Dungeon |   6937 |   6720 |    217 |   2774 |   2542 |   6 | 1156.2 |
               +--------+--------+--------+--------+--------+-----+--------+

Top non-repeatable levels by time:
     D:4: 2162 daAuts
     D:1: 1382 daAuts
     D:2: 1197 daAuts
     D:3: 994 daAuts
     D:5: 889 daAuts
     D:6: 312 daAuts
